 Dungeon Crawl Stone Soup version 0.31-a0-963-ga325b2283a (webtiles) character file.

Game seed: 15990298912711369889

1957 LadyBoffin the Scratcher (level 8, -5/36 HPs)
             Began as a Felid Shapeshifter on Oct 25, 2023.
             Was an Initiate of Gozag.
             Killed from afar by an electric eel (14 damage)
             ... with a bolt of electricity
             ... on level 7 of the Dungeon.
             The game lasted 00:32:16 (7224 turns).

LadyBoffin the Scratcher (Felid Shapeshifter)       Turns: 7224, Time: 00:32:17

Health: -5/36      AC:  6    Str: 16    XL:     8   Next: 99%
Magic:  12/12      EV: 21    Int: 11    God:    Gozag
Gold:   452        SH:  0    Dex: 18    Spells: 8/12 levels left
                                        Lives:  0   Deaths: 2

rFire   . .          .
                       - Unarmed
rCold   . . .        (shield unavailable)
rNeg    . . .        (body armour unavailable)
rPois   .            (helmet unavailable)
rElec   .            (cloak unavailable)
rCorr   .            (gloves unavailable)
SInv    +            (boots unavailable)
Will    +....        j - amulet of faith
Stlth   ++           i - +6 ring of strength
HPRegen 0.26/turn    u - +4 ring of protection
MPRegen 0.13/turn

%: faith
@: beast-form, very slow
A: beast (slay +1), very small, claws 1, fangs 3, see invisible, speed 1, shaggy
fur 2, stealthy paws, no weapons or thrown items, no armour, multi-lived
a: Begin Untransformation, Renounce Religion, Potion Petition, Call Merchant,
Bribe Branch


You were on level 7 of the Dungeon.
You worshipped Gozag.
Gozag was aware of your devotion.
You were a hulking beast.
You visited 2 branches of the dungeon, and saw 8 of its levels.

You collected 819 gold pieces.
You spent 293 gold pieces at shops.
You paid 74 gold pieces to Gozag.

Inventory:

Armour
 x - a +2 hat
Jewellery
 h - a +4 ring of protection
 i - a +6 ring of strength (left paw)
 j - an amulet of faith (around neck)
 l - a ring of protection from cold
 r - the ring "Cugafif" {rF+ rC+++ Int+6 Dex-2 SInv}
   (You found it on level 4 of the Dungeon)

   [ring of intelligence]

   Int+6:     It affects your intelligence (+6).
   Dex-2:     It affects your dexterity (-2).
   rF+:       It protects you from fire.
   rC+++:     It renders you almost immune to cold.
   SInv:      It lets you see invisible.
 u - a +4 ring of protection (right paw)
 y - a ring of protection from fire
 z - an amulet of guardian spirit
Talismans
 b - a beast talisman (active)
 c - a flux talisman
Wands
 s - a wand of charming (2)
Scrolls
 n - 2 scrolls of fear
 q - a scroll of revelation
 v - a scroll of identify
 w - 2 scrolls of blinking
 A - a scroll of teleportation
Potions
 a - 2 potions of haste
 e - 2 potions of magic
 m - 2 potions of enlightenment
 o - 3 potions of degeneration


   Skills:
 * Level 4.4 Fighting
 - Level 7.0 Dodging
 * Level 7.0 Stealth
 + Level 7.9 Unarmed Combat
 - Level 2.6 Spellcasting
 - Level 2.0 Translocations
 - Level 3.2 Shapeshifting


You had 8 spell levels left.
You knew the following spells:

 Your Spells              Type           Power      Damage    Failure   Level
a - Manifold Assault      Tloc           5%         N/A       75%         4

Your spell library contained the following spells:

 Spells                   Type           Power      Damage    Failure   Level
 Freeze                   Ice            4%         1d3       28%         1
 Magic Dart               Conj           4%         1d3       28%         1
 Searing Ray              Conj           2%         2d4       38%         2
 Frozen Ramparts          Ice            2%         1d1       63%         3
 Hailstorm                Conj/Ice       1%         3d3       63%         3
 Fulminant Prism          Conj/Hex       0%         3d5       95%         4
 Dispersal                Tloc           2%         N/A       100%        6
 Disjunction              Tloc           2%         N/A       100%        8


Dungeon Overview and Level Annotations

Branches:
Dungeon (7/15)             Temple (1/1) D:4

Altars:
Ashenzari
Cheibriados
Dithmenos
Elyvilon
Gozag
Kikubaaqudgha
Nemelex Xobeh
Qazlal
Ru
Sif Muna
Trog
Uskayaw
Wu Jian
Xom
Zin
The Shining One

Shops:
D:5 [[   D:7 *

Annotations:
D:2 Sigmund


Innate Abilities, Weirdness & Mutations

You are a hulking beast.
Your limbs bulge with bestial killing power. (Slay +1)
You have sharp claws.
You have razor-sharp teeth.
You have supernaturally acute eyesight. (SInv)
You cover ground quickly. (Speed+)
You are covered in thick fur. (AC +2)
Your paws help you pounce on unaware monsters.
You are incapable of wielding weapons or throwing items.
You cannot wear armour.
You gain extra lives every three experience levels.


Message History

Jeremiah hits you with a +4 trident of draining!
You feel drained.
You claw Jeremiah!
You kill Jeremiah!
The butterfly disappears in a burst of colours! x14
Your life force feels restored.
Training target 7.0 for Dodging reached!
Your Dodging skill increases to level 7!
Your Stealth skill increases to level 7!
You now have 452 gold pieces (gained 10).
Things that are here:
a +4 trident of draining; a +0 robe; an orb of energy You start resting.
HP restored.
Things that are here:
a +4 trident of draining; a +0 robe; an orb of energy
Items here: (( )))))) [[.
There is a stone staircase leading down here.
Things that are here:
3 stones; a +0 whip You can't go up here!
You climb downwards.
There is a stone staircase leading up here.
You open the door.
An electric eel comes into view.
An electric eel is nearby!
There is an open door here.
The electric eel shoots out a bolt of lightning at you!
The bolt of electricity hits you.
You enter the shallow water.
Moving in this stuff is going to be slow.
The electric eel shoots out a bolt of lightning at you!
The bolt of electricity hits you. x2
You closely miss the electric eel.
The electric eel shoots out a bolt of lightning at you!
The bolt of electricity hits you!
* * * LOW HITPOINT WARNING * * *
The bolt of electricity hits you!
You die...
Your body crumbles into a pile of gold.

....#$....# ....#.##.## #.~≈≈~.#
### ..###.# # #.~≈≈~.###.# ..#
.# #.≈≈≈~.#...# ..# .#
#.≈≈≈≈.#..<# ..# .# #.~≈≈~.#...#
..# .# #.≈≈≈~.#...# ..#
#.S≈≈~.#...# ..# #.h≈≈≈.#...#
..##### #.~~≈~.###.#
).....###### #......###.#######
......#....#..####'###.#.......#
......#....#...........#.......#
......#....#...........#.......#
......'....#.........∩.#.......#
......###'###...###...#.......##
......#...###...####.##.########


You could see an electric eel.

Vanquished Creatures
  Jeremiah (D:6)
  Prince Ribbit (D:5)
  2 water moccasins (D:7)
  2 sky beasts
  An orc warrior (D:6)
  A black bear (D:6)
  A phantom (D:5)
  2 kobold brigands
  Blork the orc (D:5)
  A jelly (D:6)
  4 orc priests
  A hound (D:4)
  3 iguanas
  A sleepcap (D:6)
  5 orc wizards
  3 gnolls (D:3)
  9 adders
  3 worms
  2 dart slugs (D:1)
  25 orcs
  8 endoplasms
  5 giant cockroaches
  5 goblins
  7 hobgoblins
  7 quokkas
  7 ball pythons
  5 bats
  4 frilled lizards
  28 kobolds
  3 rats
148 creatures vanquished.

Notes
Turn   | Place    | Note
-------+----------+-------------------------------------------
     0 | D:1      | LadyBoffin the Felid Shapeshifter began the quest for the
                  | Orb.
     0 | D:1      | Reached XP level 1. HP: 9/9 MP: 2/2
   164 | D:1      | Reached XP level 2. HP: 12/12 MP: 3/3
   206 | D:1      | Reached skill level 1 in Stealth
   448 | D:1      | Reached XP level 3. HP: 9/15 MP: 4/4
   976 | D:2      | Noticed Sigmund
  1451 | D:2      | Reached skill level 1 in Spellcasting
  1553 | D:2      | Reached XP level 4. HP: 19/19 MP: 6/6
  1592 | D:2      | Learned a level 4 spell: Manifold Assault
  2610 | D:3      | Reached skill level 1 in Translocations
  2663 | D:3      | Reached XP level 5. HP: 22/22 MP: 7/7
  2885 | D:3      | Found a faded altar of an unknown god.
  3174 | D:4      | Identified the ring "Cugafif" {rF+ rC+++ Int+6 Dex-2 SInv}
  3232 | D:3      | HP: 1/22 [orc priest/divine providence (8)]
  3481 | D:4      | Found a staircase to the Ecumenical Temple.
  3493 | Temple   | Entered the Ecumenical Temple
  3563 | Temple   | Became a worshipper of Gozag Ym Sagoz the Greedy
  3777 | D:4      | Found a sparkling altar of Nemelex Xobeh.
  4132 | D:4      | Gained mutation: You are covered in thick fur. (AC +2)
                  | [Felid growth]
  4132 | D:4      | Reached XP level 6. HP: 27/27 MP: 9/9
  4482 | D:5      | Entered Level 5 of the Dungeon
  4638 | D:5      | Noticed a sky beast
  4660 | D:5      | Killed a sky beast
  4850 | D:5      | Found Nakhliq's Antique Armour Shoppe.
  4892 | D:5      | Noticed Prince Ribbit
  5096 | D:5      | Noticed Blork the orc
  5105 | D:5      | Killed Blork the orc
  5106 | D:5      | Reached skill level 5 in Unarmed Combat
  5106 | D:5      | Reached XP level 7. HP: 26/30 MP: 11/11
  5187 | D:5      | Killed Prince Ribbit
  5188 | D:5      | Reached skill level 5 in Dodging
  5210 | D:5      | Found a white marble altar of Elyvilon.
  5212 | D:5      | Found Zoagaeh's Antique Armour Boutique.
  5250 | D:5      | Reached skill level 5 in Stealth
  5257 | D:5      | Bought an embroidered hat for 168 gold pieces
  5747 | D:7      | Found Seetats's Assorted Antiques.
  5750 | D:7      | Bought a tiny ruby amulet for 125 gold pieces
  5893 | D:7      | Identified the +8 long sword "Beophe" {venom, Stlth+}
  5950 | D:7      | Reached XP level 8. HP: 28/34 MP: 12/12
  6112 | D:7      | HP: 2/54 [poisoned by a water moccasin]
  6158 | D:7      | HP: 1/36 [poisoned by a water moccasin]
  6159 | D:7      | Succumbed to a water moccasin's poison
  6613 | D:6      | Noticed Jeremiah
  6957 | D:6      | Killed from afar by Jeremiah
  7031 | D:6      | Killed Jeremiah
  7224 | D:7      | Killed from afar by an electric eel

Illustrated notes

Levels and vault maps discovered:
D:1:      lemuel_arrival_rhombus, layout_basic, eino_curves_03
D:2:      layout_basic, serial_forest, infiniplex_forest_diagonal,
          infiniplex_forest_clump_large, infiniplex_forest_end_3,
          infiniplex_forest_straight_3, infiniplex_forest_clump_small,
          minmay_three_crescents, uniq_sigmund
D:3:      layout_basic, hellmonk_ecumenical_altar_inner_sanctum
D:4:      layout_cave_pools, nemelex_dance_club_becter,
          minmay_temple_entry_junction_2, minmay_close_crescents
D:5:      layout_loops_corners, overflow_temple_1_default, serial_shops,
          nicolae_shop_real_fake_doors, nicolae_shop_just_a_little_nook,
          uniq_blork_the_orc, uniq_prince_ribbit1
D:6:      layout_cave_pods, uniq_jeremiah
D:7:      layout_gridville, serial_shops, shop, nrook_pool_corridor,
          minmay_misc_feat_columns, hangedman_abyss_or_decor_passed
Temple:   nicolae_temple_ecumenical_triangle

Skill      XL: |  1  2  3  4  5  6  7  8 |
---------------+-------------------------+-----
Stealth        | 1 2 3 4 5 7 |  7.0
Dodging        | 3 4 5 7 |  7.0
Spellcasting   | 1 2 |  2.6
Fighting       | 2 3 4 |  4.4
Unarmed Combat | 4 5 6 7 |  7.9
Translocations | 1 2 |  2.0
Shapeshifting  | |  3.2

Action                     |  1- 3 |  4- 6 |  7- 9 || total
---------------------------+-------+-------+-------++-------
  Melee: Unarmed           |   104 |   154 |   176 ||   434
         Bite              |     8 |    18 |    17 ||    43
         Punch             |     4 |     5 |     9 ||    18
    Use: Scroll            |     1 |    13 |     2 ||    16
         Potion            |       |     2 |     7 ||     9
   Stab: Sleeping          |     1 |     9 |       ||    10
         Distracted        |       |     1 |     1 ||     2
 Armour: Skin              |    30 |    51 |    66 ||   147
  Dodge: Dodged            |    83 |   124 |   123 ||   330
   Form: Beast             |     1 |       |       ||     1

Table legend: (Time is in decaauts)
 A = Elapsed time spent in this place.
 B = Non-inter-level travel time spent in this place.
 C = Inter-level travel time spent in this place.
 D = Time resting spent in this place.
 E = Time spent auto-exploring this place.
 F = Levels seen in this place.
 G = Mean time per level.
                   A        B        C        D        E       F      G
               +--------+--------+--------+--------+--------+-----+--------+
         Total |   6128 |   5641 |    487 |    928 |   2811 |   8 |  766.0 |
       Dungeon |   6052 |   5611 |    441 |    928 |   2811 |   7 |  864.6 |
        Temple |     76 |     31 |     45 |      0 |      0 |   1 |   76.0 |
               +--------+--------+--------+--------+--------+-----+--------+

Top non-repeatable levels by time:
     D:2: 1058 daAuts
     D:3: 980 daAuts
     D:5: 957 daAuts
     D:6: 935 daAuts
     D:4: 858 daAuts
     D:1: 800 daAuts
     D:7: 461 daAuts
  Temple: 76 daAuts
